 Dungeon Crawl Stone Soup version 0.28-a0-1524-ge72afd5fc6 (webtiles) character file.

Game seed: 6196439859313688760

8 psuckher the Sneak (level 2, -3/25 HPs)
             Began as a Barachi Delver on Jan 17, 2022.
             Slain by Pargi (6 damage)
             ... in a sewer.
             The game lasted 00:01:52 (259 turns).

psuckher the Sneak (Barachi Delver)                  Turns: 259, Time: 00:01:52

Health: -3/25      AC:  9    Str: 13    XL:     2   Next: 8%
Magic:  2/2        EV:  9    Int: 10    God:
Gold:   6          SH:  0    Dex: 13    Spells: 1/1 levels left

rFire   x . .      SeeInvis .   a - +0 falchion
rCold   + + .      Faith    .   (no shield)
rNeg    . . .      Spirit   .   h - +0 ice dragon scales
rPois   .          Reflect  .   (no helmet)
rElec   .          Harm     .   (no cloak)
rCorr   .          Rampage  .   (no gloves)
Will    .....                   (no boots)
Stlth   +.........              (no amulet)
HPRegen 0.08/turn               (no ring)
MPRegen 0.08/turn               (no ring)

@: hasted (expiring), quick
A: amphibious, slowness 1, strong legs 1, +LOS
a: Hop


You were in a sewer.
You visited 1 branch of the dungeon, and saw 1 of its levels.
You also visited: Sewer.

You collected 6 gold pieces.

Inventory:

Hand Weapons
 a - a +0 falchion (weapon)
Armour
 b - a +0 leather armour
 h - +0 ice dragon scales (worn)
Wands
 g - a wand of digging (3)
Scrolls
 c - a scroll of fog
 d - a scroll of magic mapping
Potions
 f - a potion of haste


   Skills:
 + Level 3.7 Fighting
 + Level 2.5 Long Blades
 + Level 2.4 Dodging
 + Level 4.7 Stealth


You had one spell level left.
You didn't know any spells.
Your spell library was empty.

Dungeon Overview and Level Annotations

Branches:
Dungeon (5/15)              Sewer (1/1)
 Temple: D:4-7

Altars:

Annotations:
Sewer Pargi


Innate Abilities, Weirdness & Mutations

You are amphibious.
You cover ground slowly.
You can hop short distances.
You have an extended range of vision and can be seen from far away.


Message History

Pargi is lightly wounded.
Pargi bites you but does no damage. Pargi claws you.
* * * LOW HITPOINT WARNING * * *
Pargi claws you but does no damage.
You hit Pargi.
Pargi is lightly wounded.
Pargi bites you but does no damage. Pargi claws you but does no damage.
Pargi barely misses you.
You hit Pargi. You punch Pargi.
Pargi is moderately wounded.
Pargi closely misses you. Pargi claws you but does no damage. x2
You barely miss Pargi.
Pargi is moderately wounded.
Pargi barely misses you. Pargi closely misses you.
Pargi claws you but does no damage.
You hit Pargi.
Pargi is heavily wounded.
You closely miss Pargi.
Pargi is heavily wounded.
Pargi bites you.
* * * LOW HITPOINT WARNING * * *
Pargi claws you but does no damage. Pargi claws you.
* * * LOW HITPOINT WARNING * * *
You hit Pargi but do no damage.
Pargi is heavily wounded.
Pargi bites you but does no damage. Pargi barely misses you.
Pargi claws you but does no damage.
You hit Pargi.
Pargi is severely wounded.
Your extra speed is starting to run out.
Pargi bites you.
* * * LOW HITPOINT WARNING * * *
Pargi claws you but does no damage. Pargi barely misses you.
You closely miss Pargi.
Pargi is heavily wounded.
You hit Pargi.
Pargi is severely wounded.
Pargi snarls, "Go!
Away!"
Pargi bites you.
You die...

#≈≈≈# #≈≈≈#
#≈≈≈# #≈≈≈#
#≈≈≈# #≈≈≈#
#≈≈≈#
#############
#.@T.≈≈≈.)..#
####.≈≈≈.####
***#.≈≈≈.####
*,,+.≈≈≈.'.[#
***#.≈≈≈.####
####T≈≈≈.####
#..'.≈≈≈.'..#
####.≈≈≈.####
####.≈≈≈.####


You could see Pargi.

Vanquished Creatures
  A bat (Sewer)
  2 giant cockroaches (D:5)
  4 kobolds (Sewer)
  A frilled lizard (Sewer)
8 creatures vanquished.

Notes
Turn   | Place    | Note
-------+----------+-------------------------------------------
     0 | D:5      | psuckher the Barachi Delver began the quest for the Orb.
     0 | D:5      | Reached XP level 1. HP: 18/18 MP: 1/1
    72 | Sewer    | Entered a sewer
   178 | Sewer    | Reached XP level 2. HP: 22/25 MP: 2/2
   193 | Sewer    | Noticed Pargi
   259 | Sewer    | Slain by Pargi

Illustrated notes

Levels and vault maps discovered:
D:5:      layout_cave_pods, nicolae_overflow_crystal_walls,
          gup_sewer_entry_glass, glass_columns_a, minmay_ogre_servants
Sewer:    kennysheep_door_sewer

Action                   || total
-------------------------++-------
Melee: Falchion          ||    42
       Punch             ||     1
  Use: Scroll            ||     3
       Potion            ||     1
Armor: Leather armour    ||     6
       Ice dragon scales ||    45
Dodge: Dodged            ||    45

Table legend: (Time is in decaauts)
 A = Elapsed time spent in this place.
 B = Non-inter-level travel time spent in this place.
 C = Inter-level travel time spent in this place.
 D = Time resting spent in this place.
 E = Time spent auto-exploring this place.
 F = Levels seen in this place.
 G = Mean time per level.
                   A        B        C        D        E       F      G
               +--------+--------+--------+--------+--------+-----+--------+
         Total |    286 |    266 |     20 |      0 |      0 |   2 |  143.0 |
       Dungeon |     85 |     65 |     20 |      0 |      0 |   1 |   85.0 |
         Sewer |    201 |    201 |      0 |      0 |      0 |   1 |  201.0 |
               +--------+--------+--------+--------+--------+-----+--------+

Top non-repeatable levels by time:
   Sewer: 201 daAuts
     D:5: 85 daAuts
